| TOP OF THE 1ST |
|
Texas Rangers batting - Pitching for Baltimore Orioles : RHP Errol Dondale
|
|
Pitching: RHP Errol Dondale
|
|
|
Batting: LHB Andy Bowman
|
0-0: Called Strike 0-1: Ball 1-1: DOUBLE (Groundball, 3L, EV 103.1 MPH)
|
|
Batting: SHB John Giesbrecht
|
0-0: Ball 1-0: Called Strike 1-1: Swinging Strike 1-2: Foul Ball, location: 2F 1-2: Foul Ball, location: 2F 1-2: Strikes out swinging
|
|
Batting: RHB Butch Kaiser
|
0-0: Called Strike Andy Bowman steals 3rd base 0-1: Foul Ball, location: 2F 0-2: Ball Wild Pitch! Andy Bowman scores 1-2: Foul Ball, location: 2F 1-2: Ball 2-2: Fly out, F6 (Popup, P, EV 83.1 MPH)
|
|
Batting: SHB Moe Lester
|
0-0: Foul Ball, location: 2F 0-1: Called Strike 0-2: Ball 1-2: Strikes out looking
|
| Top of the 1st over - 1 run, 1 hit, 0 errors, 0 left on base; Texas 1 - Baltimore 0 |
| BOTTOM OF THE 1ST |
|
Baltimore Orioles batting - Pitching for Texas Rangers : LHP Wayne Perry
|
|
Pitching: LHP Wayne Perry
|
|
|
Batting: SHB Aldo Questi
|
0-0: Called Strike 0-1: Ball 1-1: Ball 2-1: Ball 3-1: Ground out 6-3 (Groundball, 6, EV 93.1 MPH)
|
|
Batting: RHB Marc Peckermark
|
0-0: Ground out 6-3 (Groundball, 6D, EV 106.2 MPH)
|
|
Batting: RHB Rudo Garciaparra
|
0-0: Ball 1-0: Called Strike 1-1: Foul Ball, location: 2F 1-2: Strikes out looking
|
| Bottom of the 1st over - 0 runs, 0 hits, 0 errors, 0 left on base; Texas 1 - Baltimore 0 |
| TOP OF THE 2ND |
|
Texas Rangers batting - Pitching for Baltimore Orioles : RHP Errol Dondale
|
|
Batting: SHB Jun Tsuda
|
0-0: Ball 1-0: Ball 2-0: Ball 3-0: Foul Ball, location: 2F 3-1: Base on Balls
|
|
Batting: RHB Ray Llewellyn
|
0-0: Ball 1-0: Grounds into double play, 6-4-3 (Groundball, 6, EV 83.8 MPH)
|
|
Batting: LHB Cody Schumacher
|
0-0: Called Strike 0-1: Ball 1-1: Ball 2-1: SINGLE (Groundball, 4M, EV 104.4 MPH) (infield hit)
|
|
Batting: RHB Adriaan Boessenkool
|
0-0: Called Strike 0-1: Called Strike 0-2: Fielders Choice at 2nd, 6-4 (Groundball, 6, EV 86.2 MPH)
|
| Top of the 2nd over - 0 runs, 1 hit, 0 errors, 1 left on base; Texas 1 - Baltimore 0 |
| BOTTOM OF THE 2ND |
|
Baltimore Orioles batting - Pitching for Texas Rangers : LHP Wayne Perry
|
|
Batting: RHB Saimei Kudo
|
0-0: Ball 1-0: Fly out, F7 (Flyball, 7D, EV 97.5 MPH)
|
|
Batting: RHB Blake Ballard
|
0-0: Fly out, F9 (Flyball, 9, EV 93.8 MPH)
|
|
Batting: SHB Robert Handy
|
0-0: Foul Ball, location: 2F 0-1: Ball 1-1: Called Strike 1-2: Strikes out swinging, 2-3 out at first.
|
| Bottom of the 2nd over - 0 runs, 0 hits, 0 errors, 0 left on base; Texas 1 - Baltimore 0 |
| TOP OF THE 3RD |
|
Texas Rangers batting - Pitching for Baltimore Orioles : RHP Errol Dondale
|
|
Batting: RHB Jerry Jauregui
|
0-0: Ground out 4-3 (Groundball, 4, EV 87.5 MPH)
|
|
Batting: LHB Andy Bowman
|
0-0: Called Strike 0-1: Foul Ball, location: 2F 0-2: Ball 1-2: Ball 2-2: Ball 3-2: Foul Ball, location: 2F 3-2: Ground out 6-3 (Groundball, 6, EV 96.9 MPH)
|
|
Batting: SHB John Giesbrecht
|
0-0: Ball 1-0: Foul Ball, location: 2F 1-1: Ball 2-1: DOUBLE (Line Drive, 8RXD, EV 109.4 MPH)
|
|
Batting: RHB Butch Kaiser
|
0-0: Swinging Strike 0-1: Ball 1-1: Swinging Strike 1-2: Strikes out looking
|
| Top of the 3rd over - 0 runs, 1 hit, 0 errors, 1 left on base; Texas 1 - Baltimore 0 |
| BOTTOM OF THE 3RD |
|
Baltimore Orioles batting - Pitching for Texas Rangers : LHP Wayne Perry
|
|
Batting: RHB Muneer Maudad
|
0-0: Ball 1-0: Ball 2-0: Ball 3-0: Base on Balls
|
|
Batting: RHB Andres Leon
|
0-0: Foul Ball, location: 2F 0-1: Ball 1-1: Fly out, F9 (Flyball, 9, EV 93.8 MPH)
|
|
Batting: RHB Jesse Basich
|
0-0: Foul Ball, location: 2F 0-1: Fly out, F9 (Flyball, 9, EV 93.1 MPH)
|
|
Batting: SHB Aldo Questi
|
0-0: Foul Ball, location: 2F 0-1: Ball 1-1: Foul Ball, location: 2F 1-2: Ball 2-2: Ball 3-2: Foul Ball, location: 2F 3-2: Base on Balls Muneer Maudad to second
|
|
Batting: RHB Marc Peckermark
|
0-0: Ground out 5-3 (Groundball, 56S, EV 73.1 MPH)
|
| Bottom of the 3rd over - 0 runs, 0 hits, 0 errors, 2 left on base; Texas 1 - Baltimore 0 |
| TOP OF THE 4TH |
|
Texas Rangers batting - Pitching for Baltimore Orioles : RHP Errol Dondale
|
|
Batting: SHB Moe Lester
|
0-0: Foul Ball, location: 2F 0-1: Ball 1-1: Foul Ball, location: 2F 1-2: Ball 2-2: Ball 3-2: Foul Ball, location: 2F 3-2: Strikes out swinging
|
|
Batting: SHB Jun Tsuda
|
0-0: Called Strike 0-1: Ball 1-1: Ball 2-1: Fly out, F9 (Line Drive, 89M, EV 93.8 MPH)
|
|
Batting: RHB Ray Llewellyn
|
0-0: Called Strike 0-1: Foul Ball, location: 2F 0-2: Ball 1-2: Ground out 6-3 (Groundball, 6MS, EV 88.8 MPH)
|
| Top of the 4th over - 0 runs, 0 hits, 0 errors, 0 left on base; Texas 1 - Baltimore 0 |
| BOTTOM OF THE 4TH |
|
Baltimore Orioles batting - Pitching for Texas Rangers : LHP Wayne Perry
|
|
Batting: RHB Rudo Garciaparra
|
0-0: Ground out 6-3 (Groundball, 6, EV 87.5 MPH)
|
|
Batting: RHB Saimei Kudo
|
0-0: Called Strike 0-1: Called Strike 0-2: Strikes out swinging
|
|
Batting: RHB Blake Ballard
|
0-0: Ball 1-0: Ball 2-0: Ball 3-0: Called Strike 3-1: Ground out 6-3 (Groundball, 6, EV 91.2 MPH)
|
| Bottom of the 4th over - 0 runs, 0 hits, 0 errors, 0 left on base; Texas 1 - Baltimore 0 |
| TOP OF THE 5TH |
|
Texas Rangers batting - Pitching for Baltimore Orioles : RHP Errol Dondale
|
|
Batting: LHB Cody Schumacher
|
0-0: Ball 1-0: Ball 2-0: SINGLE (Groundball, 6S, EV 67.5 MPH) (infield hit)
|
|
Batting: RHB Adriaan Boessenkool
|
0-0: Called Strike 0-1: Called Strike 0-2: Ball 1-2: Ball 2-2: Ball 3-2: DOUBLE (Flyball, 7LD, EV 98.1 MPH) Cody Schumacher to third Cody Schumacher scores
|
|
Batting: RHB Jerry Jauregui
|
0-0: Foul Ball, location: 2F 0-1: 2-RUN HOME RUN (Flyball, 7LD, EV 95.6 MPH), Distance : 352 ft
|
|
Batting: LHB Andy Bowman
|
0-0: Called Strike 0-1: Swinging Strike 0-2: Ball 1-2: Fly out, F7 (Flyball, 78M, EV 73.1 MPH)
|
|
Batting: SHB John Giesbrecht
|
0-0: Swinging Strike 0-1: Ball 1-1: Fly out, F7 (Line Drive, 78D, EV 93.8 MPH)
|
|
Batting: RHB Butch Kaiser
|
0-0: Called Strike 0-1: DOUBLE (Line Drive, 9LS, EV 98.8 MPH)
|
|
Pitching: LHP Justin Dine
|
|
|
Batting: SHB Moe Lester
|
0-0: Ball 1-0: Ball 2-0: Ball 3-0: Base on Balls
|
|
Batting: SHB Jun Tsuda
|
0-0: Ball 1-0: Ball 2-0: Hit by Pitch Butch Kaiser to third Moe Lester to second
|
|
Batting: RHB Ray Llewellyn
|
0-0: Foul Ball, location: 2F 0-1: Foul Ball, location: 2F 0-2: Ball 1-2: Strikes out swinging
|
| Top of the 5th over - 3 runs, 4 hits, 0 errors, 3 left on base; Texas 4 - Baltimore 0 |
| BOTTOM OF THE 5TH |
|
Baltimore Orioles batting - Pitching for Texas Rangers : LHP Wayne Perry
|
|
Batting: SHB Robert Handy
|
0-0: Foul Ball, location: 2F 0-1: Ball 1-1: Ball 2-1: Ground out 5-3 (Groundball, 15, EV 91.9 MPH)
|
|
Batting: RHB Muneer Maudad
|
0-0: Ball 1-0: DOUBLE (Line Drive, 89M, EV 95.0 MPH)
|
|
Batting: RHB Andres Leon
|
0-0: Called Strike 0-1: Swinging Strike 0-2: Fly out, F8 (Flyball, 8LXD, EV 96.9 MPH) Runner from 2nd tags up, SAFE at 3rd, no throw by CF
|
|
Batting: RHB Jesse Basich
|
0-0: Swinging Strike 0-1: Called Strike 0-2: SINGLE (Groundball, 6MD, EV 96.9 MPH) Muneer Maudad scores
|
|
Batting: SHB Aldo Questi
|
0-0: Called Strike 0-1: Swinging Strike 0-2: Ball 1-2: Ball 2-2: Foul Ball, location: 2F 2-2: Foul Ball, location: 2F 2-2: Strikes out swinging
|
| Bottom of the 5th over - 1 run, 2 hits, 0 errors, 1 left on base; Texas 4 - Baltimore 1 |
| TOP OF THE 6TH |
|
Texas Rangers batting - Pitching for Baltimore Orioles : LHP Justin Dine
|
|
Batting: LHB Cody Schumacher
|
0-0: Called Strike 0-1: Ball 1-1: Called Strike 1-2: Ball 2-2: SINGLE (Line Drive, 89M, EV 93.8 MPH)
|
|
Batting: RHB Adriaan Boessenkool
|
0-0: Ball 1-0: Called Strike 1-1: Foul Ball, location: 2F 1-2: Strikes out swinging Cody Schumacher is caught stealing 2nd base 2-4 Batter strikes out.
|
|
Batting: RHB Jerry Jauregui
|
0-0: Called Strike 0-1: Ball 1-1: Ground out 5-3 (Groundball, 5L, EV 99.4 MPH)
|
| Top of the 6th over - 0 runs, 1 hit, 0 errors, 0 left on base; Texas 4 - Baltimore 1 |
| BOTTOM OF THE 6TH |
|
Baltimore Orioles batting - Pitching for Texas Rangers : LHP Wayne Perry
|
|
Batting: RHB Marc Peckermark
|
0-0: Ground out 4-3 (Groundball, 4S, EV 85.6 MPH)
|
|
Batting: RHB Rudo Garciaparra
|
0-0: Fly out, F8 (Flyball, 89D, EV 94.4 MPH)
|
|
Batting: RHB Saimei Kudo
|
0-0: Ball 1-0: Foul Ball, location: 2F 1-1: Ball 2-1: Swinging Strike 2-2: DOUBLE (Line Drive, 78D, EV 103.8 MPH)
|
|
Batting: RHB Blake Ballard
|
0-0: Ball 1-0: Ball 2-0: Called Strike 2-1: Ball 3-1: Called Strike 3-2: Foul Ball, location: 2F 3-2: Fly out, F8 (Flyball, 8RD, EV 86.9 MPH)
|
| Bottom of the 6th over - 0 runs, 1 hit, 0 errors, 1 left on base; Texas 4 - Baltimore 1 |
| TOP OF THE 7TH |
|
Texas Rangers batting - Pitching for Baltimore Orioles : LHP Justin Dine
|
|
Pitching: RHP Terry Huffmaster
|
|
|
Batting: LHB Andy Bowman
|
0-0: Ball 1-0: Swinging Strike 1-1: Called Strike 1-2: SINGLE (Line Drive, 89S, EV 93.8 MPH)
|
|
Batting: SHB John Giesbrecht
|
0-0: Ball Andy Bowman steals 2nd base 1-0: Ball 2-0: Fly out, F7 (Line Drive, 7S, EV 99.4 MPH)
|
|
Batting: RHB Butch Kaiser
|
0-0: Called Strike 0-1: Ball 1-1: Foul Ball, location: 2F 1-2: Foul Ball, location: 2F 1-2: Strikes out swinging
|
|
Batting: SHB Moe Lester
|
0-0: Called Strike 0-1: Swinging Strike 0-2: Ball 1-2: Ball 2-2: Ball 3-2: Foul Ball, location: 2F 3-2: Foul Ball, location: 2F 3-2: Foul Ball, location: 2F 3-2: Ground out 4-3 (Groundball, 34, EV 103.1 MPH)
|
| Top of the 7th over - 0 runs, 1 hit, 0 errors, 1 left on base; Texas 4 - Baltimore 1 |
| BOTTOM OF THE 7TH |
|
Baltimore Orioles batting - Pitching for Texas Rangers : LHP Wayne Perry
|
|
Batting: SHB Robert Handy
|
0-0: SOLO HOME RUN (Flyball, 78XD, EV 108.8 MPH), Distance : 429 ft
|
|
Pitching: RHP Kyle Curve
|
|
|
Batting: RHB Muneer Maudad
|
0-0: Ball 1-0: Ground out 5-3 (Groundball, 56, EV 108.1 MPH)
|
|
Batting: RHB Andres Leon
|
0-0: SINGLE (Line Drive, 8RS, EV 88.8 MPH)
|
|
Batting: RHB Jesse Basich
|
0-0: Ball Andres Leon is caught stealing 2nd base 2-4 1-0: Ball 2-0: Ground out 5-3 (Groundball, 56, EV 103.1 MPH)
|
| Bottom of the 7th over - 1 run, 2 hits, 0 errors, 0 left on base; Texas 4 - Baltimore 2 |
| TOP OF THE 8TH |
|
Texas Rangers batting - Pitching for Baltimore Orioles : RHP Terry Huffmaster
|
|
Batting: SHB Jun Tsuda
|
0-0: Called Strike 0-1: Ball 1-1: Foul Ball, location: 2F 1-2: Ball 2-2: Ball 3-2: Fly out, F5 (Popup, 25F, EV 93.1 MPH)
|
|
Batting: RHB Ray Llewellyn
|
0-0: Ball 1-0: Ball 2-0: Ball 3-0: Called Strike 3-1: Called Strike 3-2: Strikes out swinging
|
|
Batting: LHB Cody Schumacher
|
0-0: Ball 1-0: Ball 2-0: Called Strike 2-1: Foul Ball, location: 2F 2-2: Strikes out swinging
|
| Top of the 8th over - 0 runs, 0 hits, 0 errors, 0 left on base; Texas 4 - Baltimore 2 |
| BOTTOM OF THE 8TH |
|
Baltimore Orioles batting - Pitching for Texas Rangers : RHP Kyle Curve
|
|
Pitching: RHP Mark Lopez
|
|
|
Batting: SHB Aldo Questi
|
0-0: Called Strike 0-1: Ground out 6-3 (Groundball, 6M, EV 82.5 MPH)
|
|
Batting: RHB Marc Peckermark
|
0-0: Ball 1-0: Ball 2-0: Ball 3-0: Called Strike 3-1: DOUBLE (Line Drive, 89D, EV 104.4 MPH)
|
|
Batting: RHB Rudo Garciaparra
|
0-0: Ball 1-0: Ball 2-0: Ball 3-0: Base on Balls
|
|
Batting: RHB Saimei Kudo
|
0-0: Fly out, F3 (Popup, 3, EV 74.4 MPH)
|
|
Batting: RHB Blake Ballard
|
0-0: Called Strike 0-1: Called Strike 0-2: Ball 1-2: Ball 2-2: Fielders Choice at 2nd, 5-4 (Groundball, 56, EV 90.6 MPH)
|
| Bottom of the 8th over - 0 runs, 1 hit, 0 errors, 2 left on base; Texas 4 - Baltimore 2 |
| TOP OF THE 9TH |
|
Texas Rangers batting - Pitching for Baltimore Orioles : RHP Terry Huffmaster
|
|
Pitching: RHP Bobby Marble
|
|
|
Batting: RHB Adriaan Boessenkool
|
0-0: Called Strike 0-1: DOUBLE (Line Drive, 9LS, EV 99.4 MPH)
|
|
Batting: RHB Jerry Jauregui
|
0-0: Sac Bunt to 5S - play at first, batter OUT! 5-3 Adriaan Boessenkool to third
|
|
Batting: LHB Andy Bowman
|
0-0: SINGLE (Line Drive, 4D, EV 100.0 MPH) Adriaan Boessenkool scores
|
|
Batting: SHB John Giesbrecht
|
0-0: Swinging Strike 0-1: Foul Ball, location: 2F 0-2: Ball 1-2: Foul Ball, location: 2F 1-2: Strikes out swinging
|
|
Batting: RHB Butch Kaiser
|
0-0: Called Strike Andy Bowman is caught stealing 2nd base 2-4
|
| Top of the 9th over - 1 run, 2 hits, 0 errors, 0 left on base; Texas 5 - Baltimore 2 |
| BOTTOM OF THE 9TH |
|
Baltimore Orioles batting - Pitching for Texas Rangers : RHP Mark Lopez
|
|
Pitching: RHP Brad Kramer
|
|
|
Batting: SHB Robert Handy
|
0-0: Ball 1-0: Called Strike 1-1: Ground out 4-3 (Groundball, 4, EV 86.9 MPH)
|
|
Batting: RHB Muneer Maudad
|
0-0: Ground out 5-3 (Groundball, 56S, EV 69.4 MPH)
|
|
Batting: RHB Andres Leon
|
0-0: Foul Ball, location: 2F 0-1: Swinging Strike 0-2: Ball 1-2: Ball 2-2: Strikes out swinging
|
| Bottom of the 9th over - 0 runs, 0 hits, 0 errors, 0 left on base; Texas 5 - Baltimore 2 |
|